 Dungeon Crawl Stone Soup version 0.28-a0-1182-g381e24db82 (webtiles) character file.

Game seed: 1269462170123304573

154 siradein the Sneak (level 5, -5/35 HPs)
             Began as a Vampire Summoner on Dec 16, 2021.
             Killed by nerve-wracking pain
             ... invoked by a shadow imp
             ... summoned by Eustachio
              (9 damage)
             ... on level 4 of the Dungeon.
             The game lasted 00:04:47 (2641 turns).

siradein the Sneak (Vampire Summoner)               Turns: 2641, Time: 00:04:47

Health: -5/35      AC:  4    Str:  7    XL:     5   Next: 13%
Magic:  9/9        EV: 12    Int: 20    God:
Gold:   191        SH:  0    Dex: 14    Spells: 6/9 levels left

rFire   . . .      SeeInvis +   o - +2 mace (protect)
rCold   . . .      Faith    .   (no shield)
rNeg    . . .      Spirit   .   p - +0 leather armour
rPois   .          Reflect  .   (no helmet)
rElec   .          Harm     .   k - +0 cloak
rCorr   .          Rampage  .   (no gloves)
Will    .....                   (no boots)
Stlth   +++.......              (no amulet)
HPRegen 0.31/turn               (no ring)
MPRegen 0.11/turn               (no ring)

@: healing quickly
A: alive, fangs 3, see invisible, vampiric 2
a: Exsanguinate


You were on level 4 of the Dungeon.
You visited 1 branch of the dungeon, and saw 4 of its levels.

You collected 191 gold pieces.

Inventory:

Hand Weapons
 o - a +2 mace of protection (weapon)
Armour
 k - a +0 cloak (worn)
 p - a +0 leather armour (worn)
Scrolls
 c - a scroll of fear {unknown}
 d - a scroll of immolation {unknown}
 e - 2 scrolls of identify {unknown}
 g - 2 scrolls of teleportation {unknown}
 h - a scroll of magic mapping {unknown}
 i - a scroll of fog {unknown}
 l - a scroll of enchant weapon {unknown}
 q - a scroll of acquirement {unknown}
 s - a scroll of vulnerability {unknown}
Potions
 a - 2 potions of curing {unknown}
 b - a potion of flight {unknown}
 f - a potion of berserk rage {unknown}
 j - a potion of attraction {unknown}
 m - a potion of heal wounds {unknown}
 n - 2 potions of magic {unknown}
 r - a potion of invisibility {unknown}


   Skills:
 + Level 3.5 Dodging
 + Level 4.9 Stealth
 + Level 2.9 Spellcasting
 + Level 4.7 Summonings


You had 6 spell levels left.
You knew the following spells:

 Your Spells              Type           Power      Damage    Failure   Level
a - Summon Small Mammal   Summ           84%        N/A       3%          1
b - Call Imp              Summ           21%        N/A       4%          2

Your spell library contained the following spells:

 Spells                   Type           Power      Damage    Failure   Level
 Call Canine Familiar     Summ           21%        N/A       10%         3
 Summon Guardian Golem    Hex/Summ       12%        N/A       24%         3
 Summon Lightning Spire   Summ/Air       12%        N/A       63%         4
 Cause Fear               Hex            1%         N/A       91%         4
 Dragon Form              Tmut           1%         N/A       100%        7
 Dragon's Call            Summ           10%        N/A       100%        9


Dungeon Overview and Level Annotations

Branches:
Dungeon (4/15)
 Temple: D:4-7

Altars:
Cheibriados
Fedhas
Hepliaklqana
Makhleb
Nemelex Xobeh
Qazlal
Wu Jian

Shops:
D:3 :

Annotations:
D:4 Eustachio


Innate Abilities, Weirdness & Mutations

Your natural rate of healing is accelerated.
You have razor-sharp teeth.
You have supernaturally acute eyesight. (SInv)
You are afflicted with vampirism and can become a bat while bloodless.


Message History

No target in view!
No target in view!
Eustachio gestures wildly while chanting.
Eustachio blinks!
Eustachio casts a spell.
Eustachio blinks!
Eustachio casts a spell.
Eustachio mumbles some strange words.
Eustachio blinks!
You barely miss the iron imp.
Your white imp gestures at the iron imp.
The puff of frost hits the iron imp.
The iron imp resists.
The shadow imp gestures at you. Pain shoots through your body!
Your white imp gestures at the iron imp.
The puff of frost hits the iron imp.
The iron imp resists.
The iron imp hits you! The shadow imp hits you.
Eustachio hits you with a +0 falchion!
* * * LOW HITPOINT WARNING * * *
Your white imp hits the iron imp.
Your white imp freezes the iron imp.
The iron imp resists.
You barely miss Eustachio.
Eustachio is lightly wounded.
Eustachio mumbles some strange words.
Eustachio blinks!
Your white imp hits the iron imp but does no damage.
The iron imp hits you.
* * * LOW HITPOINT WARNING * * *
Your white imp gestures at the iron imp.
The puff of frost hits the iron imp.
The iron imp resists.
Eustachio mumbles some strange words.
Eustachio blinks!
Your white imp barely misses the iron imp.
The iron imp hits your white imp but does no damage.
Eustachio gestures wildly while chanting.
Eustachio blinks!
The shadow imp gestures at you. Pain shoots through your body!
You die...

...##................<#..#
#.##..................##.#
.......................#..
..........................
...........#...............
..........##..###....####...
..........#...#.........##..
.................>......##..
................@..##....#..
..............§..5.........##
.......................##....
..#..........#..............
.##..........#.....5.##...##
....###........[....5#.....#
...## ###......@....§.#..#
..(# #................# ..##
####...............##


You could see Eustachio, an iron imp (summoned, ally target), a shadow imp
(summoned) and a friendly white imp (summoned).

Vanquished Creatures
  A hound (D:4)
  A worm (D:3)
  An orc (D:3)
  4 ball pythons
  2 bats
  4 endoplasms
  2 giant cockroaches (D:2)
  6 goblins
  7 hobgoblins
  8 kobolds
  3 quokkas
  A frilled lizard (D:1)
  2 rats
42 creatures vanquished.

Vanquished Creatures (collateral kills)
  A hound (D:4)
  3 adders
  A worm (D:2)
  2 endoplasms
  2 hobgoblins
  A bat (D:1)
  2 frilled lizards
  2 goblins
  4 kobolds
18 creatures vanquished.

Vanquished Creatures (others)
  A fungus (D:3)
1 creature vanquished.

Grand Total: 61 creatures vanquished

Notes
Turn   | Place    | Note
-------+----------+-------------------------------------------
     0 | D:1      | siradein the Vampire Summoner began the quest for the Orb.
     0 | D:1      | Reached XP level 1. HP: 13/13 MP: 3/3
   410 | D:1      | Found a faded altar of an unknown god.
   502 | D:1      | Reached XP level 2. HP: 19/19 MP: 5/5
   780 | D:2      | Learned a level 2 spell: Call Imp
  1101 | D:2      | Gained mutation: You are afflicted with vampirism and can
                  | become a bat while bloodless. [Vampire growth]
  1101 | D:2      | Reached XP level 3. HP: 20/24 MP: 3/6
  1679 | D:3      | Found a blossoming altar of Fedhas.
  1813 | D:3      | Found Giemm's Book Shop.
  1831 | D:3      | Reached XP level 4. HP: 16/30 MP: 5/7
  1916 | D:3      | Found a sparkling altar of Nemelex Xobeh.
  1971 | D:3      | Found an ornate altar of the Wu Jian Council.
  1979 | D:3      | Found a burning altar of Makhleb.
  1979 | D:3      | Found a snail-covered altar of Cheibriados.
  1980 | D:3      | Found a stormy altar of Qazlal.
  2331 | D:3      | Found a hazy altar of Hepliaklqana.
  2530 | D:4      | Reached XP level 5. HP: 30/35 MP: 7/9
  2604 | D:4      | Noticed Eustachio
  2641 | D:4      | Killed from afar by a shadow imp

Illustrated notes

Levels and vault maps discovered:
D:1:      elethiomel_arrival_quiet, layout_rooms,
          hellmonk_ecumenical_altar_crossroads
D:2:      layout_loops_ring, grunt_ministairs_7, minmay_quadrilaterals
D:3:      corexii_shack_village, layout_basic, mainiacjoe_overflow_boulevard,
          minitemple, mainiacjoe_overflow_concentric_impassable,
          nemelex_spade_bored_becter, serial_shops, shop_fountains
D:4:      layout_cave_pools, ashenzari_altar_1, lemuel_temple_firewalk_b,
          serial_column_ruins, column_ruins_hut, column_ruins_grid_4,
          column_ruins_open_small, column_ruins_grid_1,
          column_ruins_open_medium, minmay_hollow_rounded_squares,
          uniq_eustachio

Skill      XL: |  1  2  3 |
---------------+----------+-----
Stealth        | 4 |  4.9
Dodging        | 3 |  3.5
Spellcasting   | |  2.9
Summonings     | |  4.7

Action                   |  1- 3 |  4- 6 || total
-------------------------+-------+-------++-------
Melee: Unarmed           |    16 |       ||    16
       Dagger            |    37 |       ||    37
       Bite              |     2 |     6 ||     8
       Short sword       |    49 |       ||    49
       Mace              |    14 |    66 ||    80
 Cast: Summon Small Mamm |    18 |       ||    18
       Call Imp          |    10 |    11 ||    21
 Stab: Sleeping          |     7 |     3 ||    10
       Distracted        |     1 |       ||     1
Armor: Robe              |    26 |     1 ||    27
       Leather armour    |       |    32 ||    32
Dodge: Dodged            |    74 |    65 ||   139

Table legend: (Time is in decaauts)
 A = Elapsed time spent in this place.
 B = Non-inter-level travel time spent in this place.
 C = Inter-level travel time spent in this place.
 D = Time resting spent in this place.
 E = Time spent auto-exploring this place.
 F = Levels seen in this place.
 G = Mean time per level.
                   A        B        C        D        E       F      G
               +--------+--------+--------+--------+--------+-----+--------+
         Total |   2675 |   2584 |     91 |      0 |   1906 |   4 |  668.8 |
       Dungeon |   2675 |   2584 |     91 |      0 |   1906 |   4 |  668.8 |
               +--------+--------+--------+--------+--------+-----+--------+

Top non-repeatable levels by time:
     D:2: 952 daAuts
     D:3: 885 daAuts
     D:1: 635 daAuts
     D:4: 201 daAuts
